 Dungeon Crawl Stone Soup version 0.18-b1-22-ge198996 (webtiles) character file.

32 Guinours the Stinger (level 3, -1/19 HPs)
             Began as a Gargoyle Venom Mage on May 4, 2016.
             Slain by a worm (5 damage)
             ... on level 2 of the Dungeon.
             The game lasted 00:11:39 (1276 turns).

Guinours the Stinger (Gargoyle Venom Mage)          Turns: 1276, Time: 00:11:40

Health: -1/19      AC:  5    Str: 11    XL:     3   Next: 25%
Magic:  0/6        EV: 12    Int: 16    God:
Gold:   81         SH:  4    Dex: 10    Spells: 1 memorised, 5 levels left

rFire  . . .     SeeInvis .     q - +0 hunting sling
rCold  . . .     Gourm    .     n - +0 robe
rNeg   + + .     Faith    .     (no shield)
rPois  ∞         Spirit   .     (no helmet)
rElec  +         Dismiss  .     (no cloak)
rCorr  .         Reflect  +     (no gloves)
SustAt .         Harm     .     (no boots)
MR     .....                    l - +4 amulet of reflection
Stlth  ++........               (no ring)
                                e - ring of positive energy

@: very slightly contaminated, not resistant to hostile enchantments, unstealthy
A: negative energy resistance 1, electricity resistance, unbreathing,
petrification resistance, rot immunity, AC +3
a: no special abilities


You were on level 2 of the Dungeon.
You were not hungry.

You visited 1 branch of the dungeon, and saw 2 of its levels.

You collected 81 gold pieces.

Inventory:

Hand Weapons
 h - a +0 dagger
 m - a +0 dagger
 q - a +0 hunting sling (weapon)
Missiles
 d - 47 sling bullets (quivered)
 i - 49 stones
 o - 35 arrows
Armour
 a - a +0 robe
 n - a +0 robe (worn)
Jewellery
 e - a ring of positive energy (left hand)
 l - a +4 amulet of reflection (around neck)
Scrolls
 f - a scroll of identify {unknown}
 g - a scroll of enchant weapon {unknown}
Potions
 j - a potion of brilliance {unknown}
 k - a potion of curing {unknown}
 p - a potion of berserk rage {unknown}
Books
 b - a Young Poisoner's Handbook

   Spells                             Type                      Level
   a - Sting                          Conjuration/Poison           1
   b - Cure Poison                    Poison                       2
   c - Mephitic Cloud                 Conjuration/Poison/Air       3
   d - Olgreb's Toxic Radiance        Poison                       4
   e - Venom Bolt                     Conjuration/Poison           5
Comestibles
 c - 2 bread rations
 r - 2 chunks of flesh


   Skills:
 + Level 1.8 Dodging
 + Level 2.3 Stealth
 + Level 2.1 Spellcasting
 + Level 4.7 Poison Magic


You had 5 spell levels left.
You knew the following spells:

 Your Spells              Type           Power        Failure   Level  Hunger
a - Sting                 Conj/Pois      #...         10%         1    #......


Dungeon Overview and Level Annotations

Branches:
Dungeon (2/15)

Altars:


Innate Abilities, Weirdness & Mutations

You are resistant to torment.
Your stone body is resilient (AC +3).
You are immune to poison.
You resist negative energy.
You are resistant to electric shocks.
You can survive without breathing.
You are immune to petrification.
You are immune to rotting.


Message History

The worm closely misses you.
Casting: Sting
Confirm with . or Enter, or press ? or * to list all spells.
Aiming: Sting
Press: ? - help, Shift-Dir - straight line, f/p - worm
Aim: a worm (moderately wounded, poisoned)
The sting hits the worm.
The worm looks even sicker.
The worm is heavily wounded.
Casting: Sting
Confirm with . or Enter, or press ? or * to list all spells.
You don't have enough magic to cast that spell.
Unknown command.
Firing (i - inventory. (,) - cycle):
d - 48 sling bullets (quivered)
Press: ? - help, Shift-Dir - straight line, f/p - worm
Aim: a worm (heavily wounded, poisoned)
You shoot a sling bullet.
The sling bullet hits the worm but does no damage.
The worm is heavily wounded.
The worm bites you.
You die...

.##....)#
.##..†..####
.##........# +#
.##.....##.### .#
.##..........# .#
.#######.#.#.#
##.###### ##
#.#.#.###..((....
#.#.#.##.........
#.#......@.......
#.###.####w......
#.# #.# #......
#.# #.# ......
#.. ..# .(... ###
#####


You could see a worm.

Vanquished Creatures
  3 dart slugs
  A giant gecko (D:1)
  3 hobgoblins (D:1)
  5 bats (D:1)
  2 giant newts
  3 goblins
  6 kobolds
  2 rats
25 creatures vanquished.

Notes
Turn   | Place    | Note
--------------------------------------------------------------
     0 | D:1      | Guinours the Gargoyle Venom Mage began the quest for the Orb.
     0 | D:1      | Reached XP level 1. HP: 10/10 MP: 3/3
   260 | D:1      | Reached XP level 2. HP: 13/15 MP: 1/5
  1132 | D:2      | Reached XP level 3. HP: 19/19 MP: 4/6
  1276 | D:2      | Slain by a worm

Action                   || total
-------------------------++-------
Melee: Dagger            ||    31
 Fire: Hunting sling     ||    10
 Cast: Sting             ||    39
  Eat: Chunk             ||     2
Armor: Robe              ||    14
Dodge: Dodged            ||    27
